 Dungeon Crawl Stone Soup version 0.23.2-1-ga50397a6bc (webtiles) character file.

Game seed: 18146649406972026383

2937 kaze1988 the Cleaver (level 9, -15/78 HPs)
             Began as a Hill Orc Fighter on Apr 13, 2019.
             Demolished by a two-headed ogre
             ... wielding a cursed +0 giant spiked club
              (17 damage)
             ... on level 8 of the Dungeon.
             The game lasted 00:08:23 (4856 turns).

kaze1988 the Cleaver (Hill Orc Fighter)             Turns: 4856, Time: 00:08:24

Health: -15/78     AC:  8    Str: 24    XL:     9   Next: 80%
Magic:  9/9        EV: 12    Int:  8    God:
Gold:   0          SH: 12    Dex: 10    Spells: 8/8 levels left

rFire    . . .     SeeInvis .   a - +2 war axe
rCold    + . .     Gourm    .   c - +1 shield
rNeg     . . .     Faith    .   b - +0 scale mail
rPois    .         Spirit   .   (helmet restricted)
rElec    .         Reflect  .   (no cloak)
rCorr    .         Harm     .   (no gloves)
MR       .....                  (no boots)
Stlth    ..........             i - amulet of regeneration
HPRegen  0.63/turn              k - +3 ring of evasion
MPRegen  0.11/turn              (no ring)

@: no status effects
A: horns 1, talons 1, cold resistance 1, high mp 1, strong 1
a: no special abilities


You were on level 8 of the Dungeon.
You were not hungry.

You visited 1 branch of the dungeon, and saw 8 of its levels.

You collected 112 gold pieces.
You spent 112 gold pieces at shops.

Inventory:

Hand Weapons
 a - a +2 war axe (weapon)
Missiles
 m - 6 tomahawks of returning (quivered)
Armour
 b - a +0 scale mail (worn)
 c - a +1 shield (worn)
Jewellery
 i - an amulet of regeneration (around neck)
 k - a +3 ring of evasion (left hand)
Scrolls
 e - a scroll of blinking
 l - 5 scrolls of teleportation
 q - a scroll of identify
 u - a scroll of random uselessness {unknown}
 v - a scroll of fog {unknown}
Potions
 d - a potion of might
 g - a potion of heal wounds
 h - a potion of lignification
 n - 2 potions of invisibility
 p - a potion of curing
 r - a potion of ambrosia {unknown}
 s - 2 potions of flight
 t - a potion of berserk rage {unknown}
Comestibles
 f - 12 rations


   Skills:
 + Level 6.9 Fighting
 + Level 11.3 Axes
 + Level 7.4 Armour
 + Level 2.5 Dodging
 + Level 0.2 Stealth
 + Level 6.6 Shields


You had 8 spell levels left.
You didn't know any spells.
Your spell library was empty.

Dungeon Overview and Level Annotations

Branches:
Dungeon (8/15)             Temple (0/1) D:5
   Lair: D:8-11

Altars:
Ashenzari
Nemelex Xobeh
Sif Muna
Uskayaw

Shops:
D:5 :   D:7 ?

Annotations:
D:6 1 runed translucent door, Ethylacetat's ghost, novice NaGl
D:8 Maurice


Innate Abilities, Weirdness & Mutations

You have a pair of small horns on your head.
You have sharp toenails.
Your flesh is cold resistant. (rC+)
You have an increased reservoir of magic. (+10% MP)
Your muscles are strong. (Str +2)


Message History

The two-headed ogre is heavily wounded.
You miss something. Something hits you.
* * * LOW HITPOINT WARNING * * *
Something steals 2 of your 8 tomahawks of returning!
Your shield prevents you from hitting the two-headed ogre.
The two-headed ogre is heavily wounded.
You closely miss something.
You block the two-headed ogre's attack. x2
Something hits you.
* * * LOW HITPOINT WARNING * * *
Something steals 202 gold pieces!
You now have 0 gold pieces.
You barely miss the two-headed ogre. Your kick misses the two-headed ogre.
The two-headed ogre is heavily wounded.
You slash something!
You feel sick.
You are no longer poisoned.
Something hits you.
* * * LOW HITPOINT WARNING * * *
Something groans, "What are you, a monk?"
You hear some strange, mumbled words.
The two-headed ogre hits you with a cursed +0 giant spiked club!
You die...

#....††..(#
#....†.#<#
###.....<..#####
................
.....>..$.......
.......†..######
.....#h...#
.###.#O#### .
#@# . #{# #.#
..# ##.# #.# #.#
#.# #.#


You could see a two-headed ogre and a jackal.

Vanquished Creatures
  Pikel (D:6)
  Joseph (D:7)
  Grinder (D:4)
  Eustachio (D:5)
  A sky beast (D:5)
  A phantom (D:5)
  3 ogres
  A slave (D:6)
  A centaur (D:6)
  A big kobold (D:6)
  4 bullfrogs
  2 scorpions
  4 killer bees (D:8)
  5 wights (D:6)
  2 crimson imps
  A hound (D:7)
  A jelly (D:6)
  A bullfrog skeleton (D:4)
  A centaur skeleton (D:6)
  An iguana (D:6)
  4 worker ants
  2 orc wizards
  7 adders
  3 oozes
  An adder skeleton (D:6)
  A worm (D:3)
  5 leopard geckos
  17 orcs
  6 giant cockroaches
  7 goblins
  6 hobgoblins
  5 jackals
  14 kobolds
  5 quokkas
  7 bats
  8 frilled lizards
  A giant cockroach zombie (D:6)
  A jackal skeleton (D:4)
  A quokka skeleton (D:8)
  9 rats
144 creatures vanquished.

Notes
Turn   | Place    | Note
-------+----------+-------------------------------------------
     0 | D:1      | kaze1988 the Hill Orc Fighter began the quest for the Orb.
     0 | D:1      | Reached XP level 1. HP: 19/19 MP: 1/1
   141 | D:1      | Reached XP level 2. HP: 21/27 MP: 2/2
   678 | D:2      | Reached XP level 3. HP: 31/33 MP: 3/3
   681 | D:2      | Reached skill level 3 in Axes
  1079 | D:2      | Found a hide-covered altar of Uskayaw.
  1346 | D:2      | Gained mutation: You are frail. (-10% HP) [potion of
                  | mutation]
  1346 | D:2      | Gained mutation: Your flesh is cold resistant. (rC+)
                  | [potion of mutation]
  1346 | D:2      | Gained mutation: You are somewhat resistant to further
                  | mutation. [potion of mutation]
  1451 | D:3      | Reached XP level 4. HP: 33/36 MP: 4/4
  1618 | D:3      | Reached skill level 4 in Axes
  1839 | D:3      | Reached XP level 5. HP: 42/42 MP: 5/5
  1883 | D:3      | Found a deep blue altar of Sif Muna.
  2301 | D:4      | Reached skill level 1 in Dodging
  2366 | D:4      | Noticed an ogre
  2377 | D:4      | Killed an ogre
  2377 | D:4      | Reached skill level 5 in Axes
  2377 | D:4      | Reached XP level 6. HP: 47/47 MP: 6/6
  2420 | D:4      | Lost mutation: You are frail. (-10% HP) [potion of
                  | mutation]
  2420 | D:4      | Lost mutation: You are somewhat resistant to further
                  | mutation. [potion of mutation]
  2420 | D:4      | Gained mutation: You have an increased reservoir of magic.
                  | (+10% MP) [potion of mutation]
  2420 | D:4      | Gained mutation: You have sharp toenails. [potion of
                  | mutation]
  2420 | D:4      | Gained mutation: You have a pair of small horns on your
                  | head. [potion of mutation]
  2420 | D:4      | Gained mutation: Your muscles are strong. (Str +2) [potion
                  | of mutation]
  2426 | D:4      | Noticed Grinder
  2435 | D:4      | Reached skill level 6 in Axes
  2437 | D:4      | Killed Grinder
  2437 | D:4      | Reached skill level 7 in Axes
  2437 | D:4      | Reached XP level 7. HP: 32/60 MP: 7/7
  2458 | D:4      | Reached skill level 5 in Fighting
  2553 | D:4      | Found a sparkling altar of Nemelex Xobeh.
  2684 | D:4      | Reached skill level 5 in Armour
  2752 | D:5      | Entered Level 5 of the Dungeon
  2761 | D:5      | Found a shattered altar of Ashenzari.
  2806 | D:5      | Reached skill level 8 in Axes
  2806 | D:5      | Reached skill level 5 in Shields
  2816 | D:5      | Found a staircase to the Ecumenical Temple.
  2937 | D:5      | Found Suvoebl Ogeo's Book Boutique.
  2938 | D:5      | Noticed Eustachio
  2939 | D:5      | Reached XP level 8. HP: 68/68 MP: 8/8
  2973 | D:5      | Killed Eustachio
  3342 | D:6      | Reached skill level 9 in Axes
  3625 | D:6      | Reached skill level 10 in Axes
  3625 | D:6      | Reached XP level 9. HP: 45/75 MP: 9/9
  3761 | D:6      | Found a runed translucent door.
  3765 | D:6      | Noticed Ethylacetat's ghost (novice NaGl)
  3801 | D:6      | Noticed Pikel
  3834 | D:6      | Killed Pikel
  4316 | D:7      | Noticed Joseph
  4325 | D:7      | Killed Joseph
  4471 | D:7      | Found Vaden's Magic Scroll Boutique.
  4477 | D:7      | Bought a scroll of enchant weapon for 112 gold pieces
  4539 | D:7      | Reached skill level 11 in Axes
  4827 | D:8      | Noticed Maurice
  4835 | D:8      | Noticed a two-headed ogre
  4856 | D:8      | HP: 2/78 [something (6)]
  4856 | D:8      | Demolished by a two-headed ogre

Skill      XL: |  1  2  3  4  5  6  7  8  9 |
---------------+----------------------------+-----
Fighting       | 4 5 6 |  6.9
Axes           | 3 4 5 7 8 10 11 | 11.3
Armour         | 4 5 6 7 |  7.4
Shields        | 4 5 6 |  6.6
Dodging        | 1 2 |  2.5
Stealth        | |  0.2

Action                   |  1- 3 |  4- 6 |  7- 9 || total
-------------------------+-------+-------+-------++-------
Melee: War axe           |   117 |   135 |   231 ||   483
       Headbutt          |       |     3 |    42 ||    45
       Kick              |       |       |    66 ||    66
  Use: Scroll            |     8 |       |    10 ||    18
       Potion            |     1 |     3 |     2 ||     6
  Eat: Chunk             |     1 |     3 |     3 ||     7
       Ration            |       |     1 |     1 ||     2
Armor: Scale mail        |    53 |    42 |    53 ||   148
Dodge: Dodged            |    42 |    41 |    91 ||   174
Block: Shield            |    59 |    62 |   126 ||   247
